 Dungeon Crawl Stone Soup version 0.32-a0-913-g739538afd8 (webtiles) character file.

Game seed: 8887259345383312335

133 pokeman the Magician (level 4, -1/25 HPs)
             Began as a Deep Elf Hedge Wizard on Apr 8, 2024.
             Slain by a phantom (2 damage)
             ... on level 3 of the Dungeon.
             The game lasted 00:06:13 (3572 turns).

pokeman the Magician (Deep Elf Hedge Wizard)        Turns: 3572, Time: 00:06:13

Health: -1/25      AC:  4    Str: 10    XL:     4   Next: 93%
Magic:  0/14       EV: 12    Int: 21    God:
Gold:   27         SH:  0    Dex: 14    Spells: 1/15 levels left

rFire   . . .        k - +1 dagger (venom)
rCold   . . .        (no shield)
rNeg    + . .        b - +0 robe
rPois   .            c - +0 hat
rElec   .            l - +0 cloak
rCorr   +            r - +0 pair of gloves
SInv    .            (no boots)
Will    .....        t - amulet of Gavo {Acrobat rN+ Str+3}
Stlth   ++           u - ring of resist corrosion
HPRegen 0.24/turn    (no ring)
MPRegen 0.14/turn

%: acrobat
@: no status effects
A: no striking features
a: no special abilities


You were on level 3 of the Dungeon.
You visited 1 branch of the dungeon, and saw 4 of its levels.

You collected 157 gold pieces.
You spent 130 gold pieces at shops.

Inventory:

Hand Weapons
 a - a +2 quarterstaff of chaos
 k - a +1 dagger of venom (weapon)
Armour
 b - a +0 robe (worn)
 c - a +0 hat (worn)
 l - a +0 cloak (worn)
 r - a +0 pair of gloves (worn)
Jewellery
 t - the amulet of Gavo (around neck) {Acrobat rN+ Str+3}
   (You found it on level 3 of the Dungeon)

   [amulet of the acrobat]

   Acrobat:   It increases your evasion while moving and waiting.
   Str+3:     It affects your strength (+3).
   rN+:       It protects you from negative energy.
 u - a ring of resist corrosion (left hand)
Scrolls
 f - a scroll of poison {unknown}
 i - 7 scrolls of identify
 j - a scroll of enchant weapon {unknown}
 o - a scroll of acquirement {unknown}
 q - 2 scrolls of brand weapon {unknown}
 v - a scroll of blinking {unknown}
 w - a scroll of enchant armour {unknown}
 x - a scroll of teleportation
Potions
 d - a potion of magic
 e - a potion of attraction {unknown}
 g - a potion of invisibility {unknown}
 h - 2 potions of haste {unknown}
 m - a potion of lignification {unknown}
 n - 3 potions of might {unknown}
 p - a potion of cancellation {unknown}
 s - a potion of berserk rage {unknown}


   Skills:
 - Level 1.0 Fighting
 - Level 1.0 Armour
 - Level 3.0 Dodging
 - Level 3.0 Stealth
 * Level 6.0 Spellcasting
 + Level 2.4 Conjurations
 - Level 1.1 Summonings
 - Level 1.1 Translocations
 + Level 0.0 Ice Magic
 + Level 0.0 Air Magic
 + Level 0.1 Earth Magic
 + Level 0.0 Alchemy


You had one spell level left.
You knew the following spells:

 Your Spells              Type           Power      Damage    Failure   Level
a - Magic Dart            Conj           64%        1d6       3%          1
b - Mephitic Cloud        Conj/Alch/Air  9%         N/A       22%         3
c - Call Imp              Summ           20%        N/A       10%         2
d - Blink                 Tloc           20%        N/A       10%         2
e - Hailstorm             Conj/Ice       11%        3d6       19%         3
f - Stone Arrow           Conj/Erth      22%        3d8       17%         3

Your spell library contained the following spells:

 Spells                   Type           Power      Damage    Failure   Level
 Apportation              Tloc           20%        N/A       6%          1
 Slow                     Hex            24%        N/A       10%         1
 Cigotuvi's Dreadful Rot  Necr/Alch/Air  12%        N/A       14%         2
 Jinxbite                 Hex            12%        N/A       14%         2
 Maxwell's Portable Pile  Tloc           10%        2d(6-16)  19%         3
 Summon Ice Beast         Ice/Summ       8%         N/A       24%         3
 Animate Armour           Summ/Erth      16%        N/A       58%         4
 Arcjolt                  Conj/Air       5%         1d15      86%         5
 Alistair's Intoxication  Alch           4%         N/A       95%         5
 Permafrost Eruption      Ice/Erth       3%         2x4d2     100%        6
 Sculpt Simulacrum        Ice/Alch       3%         N/A       100%        6
 Lehudib's Crystal Spear  Conj/Erth      5%         10d3      100%        8
 Maxwell's Capacitive Co  Air            3%         ∞         100%        8


Dungeon Overview and Level Annotations

Branches:
Dungeon (4/15)
 Temple: D:4-7

Altars:
Okawaru
Ru
Zin

Shops:
D:3 ?


Message History

You barely miss the phantom.
The phantom is severely damaged.
Your cerulean imp misses the phantom.
The phantom hits you but does no damage.
You hit the phantom but do no damage.
The phantom is severely damaged.
Your cerulean imp misses the phantom.
The phantom hits you.
You hit the phantom.
The phantom is severely damaged.
Your cerulean imp misses the phantom.
The phantom barely misses you.
You closely miss the phantom.
The phantom is severely damaged.
Your cerulean imp barely misses the phantom.
The phantom hits you.
* * * LOW HITPOINT WARNING * * *
The phantom blinks!
You blink.
Casting: Stone Arrow (extremely dangerous; 17% risk of failure)
Confirm with . or Enter, or press ? or * to list all spells.
Aiming: Magic Dart (safe; 3% risk of failure)
Press: ? - help, Shift-Dir - straight line, f/p - phantom
Aim: a phantom (severely damaged, 100% to hit)
The magic dart hits the phantom.
The phantom is almost destroyed.
The phantom hits you.
* * * LOW HITPOINT WARNING * * *
The phantom blinks!
You blink.
Casting: Magic Dart (safe; 3% risk of failure)
Confirm with . or Enter, or press ? or * to list all spells.
Aiming: Magic Dart (safe; 3% risk of failure)
Press: ? - help, Shift-Dir - straight line, f/p - phantom
Aim: a phantom (almost destroyed, 100% to hit)
The magic dart hits the phantom.
The phantom is almost destroyed.
The phantom closely misses you.
Your magical contamination has completely faded away.
You aren't carrying any items that you can evoke.
You completely miss the phantom.
The phantom is almost destroyed.
The phantom hits you.
You die...

### #.. ########## #.#
#........# #.#
#.######.#######.#
#######@##........>.....
###......W##.###.#######..
#...##.#..##.##...## #####
#.####.#..##.#..5..# #...'
#.#....#..........## #._.'
#.#.############.## #...'
#.#......# #.# #####
#.######.# #.# #.# #.###
##'##


You could see a phantom.

Vanquished Creatures
  Crazy Yiuf (D:2)
  5 adders
  A dart slug (D:1)
  3 ribbon worms (D:2)
  2 bats
  5 endoplasms
  2 giant cockroaches (D:3)
  4 goblins (D:2)
  2 hobgoblins (D:2)
  3 jackals (D:3)
  4 kobolds
  5 quokkas
  5 ball pythons
  5 frilled lizards
  3 rats
50 creatures vanquished.

Notes
Turn   | Place    | Note
-------+----------+-------------------------------------------
     0 | D:1      | pokeman the Deep Elf Hedge Wizard began the quest for the
                  | Orb.
     0 | D:1      | Reached XP level 1. HP: 10/10 MP: 7/7
   481 | D:1      | Reached XP level 2. HP: 16/16 MP: 4/9
  1014 | D:2      | Reached skill level 5 in Spellcasting
  1093 | D:2      | Found a faded altar of an unknown god.
  1161 | D:2      | Reached XP level 3. HP: 20/20 MP: 3/11
  1165 | D:2      | Learned a level 3 spell: Mephitic Cloud
  1168 | D:2      | Learned a level 2 spell: Call Imp
  1171 | D:2      | Learned a level 2 spell: Blink
  1175 | D:2      | Learned a level 3 spell: Hailstorm
  1397 | D:2      | Reached skill level 1 in Fighting
  1693 | D:2      | Reached skill level 1 in Armour
  1947 | D:2      | Found a runed translucent door.
  1948 | D:2      | Noticed Crazy Yiuf
  1960 | D:2      | Killed Crazy Yiuf
  1961 | D:2      | Reached XP level 4. HP: 25/25 MP: 5/13
  2534 | D:3      | Learned a level 3 spell: Stone Arrow
  2609 | D:3      | Found a sacrificial altar of Ru.
  2779 | D:3      | Identified the amulet of Gavo {Acrobat rN+ Str+3}
  2865 | D:3      | Found a glowing silver altar of Zin.
  2887 | D:3      | Found an iron altar of Okawaru.
  3493 | D:3      | Found Ufugh's Magic Scroll Shoppe.
  3496 | D:3      | Bought a scroll of teleportation for 30 gold pieces
  3496 | D:3      | Bought a scroll of identify for 20 gold pieces
  3496 | D:3      | Bought a scroll of identify for 20 gold pieces
  3496 | D:3      | Bought a scroll of identify for 20 gold pieces
  3496 | D:3      | Bought a scroll of identify for 20 gold pieces
  3496 | D:3      | Bought a scroll of identify for 20 gold pieces
  3537 | D:4      | Noticed a phantom
  3539 | D:4      | Noticed an ogre
  3560 | D:3      | Reached skill level 6 in Spellcasting
  3570 | D:3      | HP: 1/25 [phantom (2)]
  3572 | D:3      | Slain by a phantom

Illustrated notes

Levels and vault maps discovered:
D:1:      minmay_arrival_loop, layout_rooms
D:2:      layout_loops_ring, chequers_ecumenical_altar_simple,
          uniq_crazy_yiuf_cottage
D:3:      layout_loops_corners, lemuel_doored_altar,
          mainiacjoe_overflow_big_doors, serial_shops, nicolae_shop_rolled_up,
          serial_co_window_serial, co_window_paths_b, co_window_paths_a,
          co_window_of_opportunity_a, co_window_of_opportunity_a,
          co_window_corner_a, co_window_paths_a, co_window_paths_a,
          co_window_corner_a, co_window_paths_b, co_window_of_opportunity_c,
          co_window_cross_3, co_window_corner_cb, glass_columns_b,
          glass_columns_b, glass_columns_b, minmay_misc_feat_plants
D:4:      layout_gridville, mainiacjoe_overflow_tiny_flanked, kennysheep_mini

Skill      XL: |  1  2  3  4 |
---------------+-------------+-----
Spellcasting   | 5 6 |  6.0
Fighting       | 1 |  1.0
Armour         | 1 |  1.0
Conjurations   | 2 |  2.4
Stealth        | 3 |  3.0
Dodging        | 3 |  3.0
Summonings     | |  1.1
Translocations | |  1.1
Earth Magic    | |  0.1

Action                     |  1- 3 |  4- 6 || total
---------------------------+-------+-------++-------
  Melee: Dagger            |     8 |    12 ||    20
   Cast: Magic Dart        |    82 |    45 ||   127
         Mephitic Cloud    |     4 |       ||     4
         Call Imp          |     2 |     1 ||     3
         Blink             |       |     2 ||     2
         Stone Arrow       |       |     2 ||     2
   Stab: Confused          |     3 |       ||     3
 Armour: Robe              |     3 |    18 ||    21
  Dodge: Dodged            |     2 |    25 ||    27

Table legend: (Time is in decaauts)
 A = Elapsed time spent in this place.
 B = Non-inter-level travel time spent in this place.
 C = Inter-level travel time spent in this place.
 D = Time resting spent in this place.
 E = Time spent auto-exploring this place.
 F = Levels seen in this place.
 G = Mean time per level.
                   A        B        C        D        E       F      G
               +--------+--------+--------+--------+--------+-----+--------+
         Total |   3571 |   3396 |    175 |      0 |   3017 |   4 |  892.8 |
       Dungeon |   3571 |   3396 |    175 |      0 |   3017 |   4 |  892.8 |
               +--------+--------+--------+--------+--------+-----+--------+

Top non-repeatable levels by time:
     D:3: 1450 daAuts
     D:2: 1432 daAuts
     D:1: 673 daAuts
     D:4: 14 daAuts
